 Dungeon Crawl Stone Soup version 0.31-a0-948-gf5be29c462 (webtiles) character file.

Game seed: 8351771279713137877

80766 Arzdou the Brawler (level 15, -2/105 HPs)
             Began as an Octopode Shapeshifter on Oct 20, 2023.
             Was an Initiate of Gozag.
             Slain by a troll (3 damage)
             ... on level 14 of the Dungeon on Oct 21, 2023.
             The game lasted 01:23:18 (25578 turns).

Arzdou the Brawler (Octopode Shapeshifter)         Turns: 25578, Time: 01:23:20

Health: -2/105     AC:  5    Str: 27    XL:     15   Next: 68%
Magic:  31/31      EV: 24    Int: 20    God:    Gozag
Gold:   532        SH:  0    Dex: 24    Spells: 14/24 levels left

rFire   + .          .
                       - Unarmed
rCold   . . .        N - melded +0 tower shield
rNeg    . . .        (helmet restricted)
rPois   +            K - amulet of regeneration
rElec   .            b - +6 ring of dexterity
rCorr   .            Y - +5 ring of evasion
SInv    +            C - +6 ring of strength
Will    +....        O - +4 ring of protection
Stlth   +++          W - ring of see invisible
HPRegen 1.17/turn    M - ring of Uskayaw's Indignation {MP+9 Dex+6}
MPRegen 0.22/turn    Z - ring of Due Proportion {rPois rF+ Int+2}
                     U - +6 ring of strength

%: no passive effects
@: mighty, brilliant, blade tentacles, gold aura, invisible
A: almost no armour, amphibious, 8 rings, camouflage 1, gelatinous body 1,
(nimble swimmer 1), tentacles
a: Begin Untransformation, Renounce Religion, Potion Petition, Call Merchant,
Bribe Branch


You were on level 14 of the Dungeon.
You worshipped Gozag.
Gozag was pleased with you.
You had blades for main tentacles.
You visited 4 branches of the dungeon, and saw 22 of its levels.
You also visited: Sewer.

You collected 8568 gold pieces.
You spent 4078 gold pieces at shops.
You paid 3958 gold pieces to Gozag.

Inventory:

Missiles
 j - 49 poisoned darts
 E - 2 throwing nets
Armour
 n - an orb of energy
 N - a +0 tower shield (melded)
Jewellery
 b - a +6 ring of dexterity (left blade tentacle)
 e - a ring of protection from fire
 o - an amulet of magic regeneration
 y - a ring of positive energy
 C - a +6 ring of strength (on tentacle)
 K - an amulet of regeneration (around mantle)
 M - the ring of Uskayaw's Indignation (on tentacle) {MP+9 Dex+6}
   (You acquired it on level 1 of the Lair of Beasts)

   [ring of magical power]

   Dex+6:     It affects your dexterity (+6).
   MP+9:      It affects your magic capacity (+9).
 O - a +4 ring of protection (on tentacle)
 S - a ring of flight
 T - a +6 ring of intelligence
 U - a +6 ring of strength (on tentacle)
 W - a ring of see invisible (on tentacle)
 Y - a +5 ring of evasion (right blade tentacle)
 Z - the ring of Due Proportion (on tentacle) {rPois rF+ Int+2}
   (You bought it in a shop on level 2 of the Orcish Mines)

   [ring of poison resistance]

   Int+2:     It affects your intelligence (+2).
   rF+:       It protects you from fire.
   rPois:     It protects you from poison
Talismans
 i - a serpent talisman
 X - a blade talisman (active)
Wands
 c - a wand of polymorph (6)
 f - a wand of flame (34)
 B - a wand of acid (6)
 F - a wand of mindburst (27)
 G - a wand of paralysis (7)
 R - a wand of iceblast (17)
Scrolls
 a - a scroll of silence
 k - 3 scrolls of blinking
 l - a scroll of torment {unknown}
 m - 2 scrolls of identify
 s - 3 scrolls of noise
 x - 2 scrolls of summoning
 D - a scroll of poison
 H - 4 scrolls of teleportation
 I - 3 scrolls of fear
 J - 2 scrolls of revelation
 P - 2 scrolls of enchant weapon
 Q - 2 scrolls of amnesia
 V - 2 scrolls of fog
Potions
 d - 4 potions of berserk rage
 g - 2 potions of attraction
 h - 3 potions of curing
 p - 7 potions of haste
 q - 4 potions of resistance
 r - a potion of heal wounds
 t - 4 potions of cancellation
 u - 2 potions of mutation
 v - 3 potions of might
 w - 3 potions of enlightenment
 z - 5 potions of lignification
 A - 2 potions of magic
Miscellaneous
 L - a tin of tremorstones (2/2)


   Skills:
 - Level 10.8 Fighting
 - Level 7.0 Dodging
 - Level 15.0 Unarmed Combat
 - Level 5.0 Spellcasting
 - Level 5.0 Conjurations
 + Level 4.7 Translocations
 - Level 5.0 Ice Magic
 - Level 5.0 Earth Magic
 - Level 10.0 Evocations
 - Level 13.0 Shapeshifting


You had 14 spell levels left.
You knew the following spells:

 Your Spells              Type           Power      Damage    Failure   Level
a - Frozen Ramparts       Ice            74%        1d12      4%          3
b - Stone Arrow           Conj/Erth      74%        3d11      4%          3
c - Manifold Assault      Tloc           35%        N/A       17%         4

Your spell library contained the following spells:

 Spells                   Type           Power      Damage    Failure   Level
 Freeze                   Ice            100%       1d10      1%          1
 Sandblast                Erth           74%        2d16      1%          1
 Lesser Beckoning         Tloc           70%        N/A       2%          2
 Gell's Gravitas          Tloc           35%        N/A       4%          3
 Hailstorm                Conj/Ice       37%        3d9       4%          3
 Teleport Other           Tloc           35%        N/A       4%          3
 Passwall                 Tmut/Erth      18%        N/A       6%          2
 Volatile Blastmotes      Fire/Tloc      42%        2d13      13%         3
 Brom's Barrelling Bould  Conj/Erth      37%        2d6       14%         4
 Iskenderun's Mystic Bla  Conj/Tloc      36%        2d9       16%         4
 Wereblood                Tmut           7%         N/A       17%         2
 Summon Guardian Golem    Hex/Summ       7%         N/A       34%         3
 Fulminant Prism          Conj/Hex       11%        3d9       38%         4
 Irradiate                Conj/Tmut      11%        3d15      75%         5
 Summon Forest            Summ/Tloc      10%        N/A       77%         5
 Dispersal                Tloc           17%        N/A       95%         6
 Eringya's Noxious Bog    Tmut/Pois      3%         4d6       100%        6
 Orb of Destruction       Conj           18%        9d8       100%        7
 Spellforged Servitor     Conj/Summ      11%        N/A       100%        7
 Summon Hydra             Summ           3%         N/A       100%        7
 Disjunction              Tloc           17%        N/A       100%        8


Dungeon Overview and Level Annotations

Branches:
Dungeon (14/15)            Temple (1/1) D:4            Lair (5/5) D:10
 Shoals (0/4) Lair:2        Snake (0/4) Lair:3        Slime (0/5) Lair:5
    Orc (2/2) D:9             Elf (0/3) Orc:2        Vaults (0/5) D:13
  Sewer (visited)

Altars:
Ashenzari
Cheibriados
Dithmenos
Elyvilon
Fedhas
Gozag
Hepliaklqana
Kikubaaqudgha
Makhleb
Nemelex Xobeh
Okawaru
Qazlal
Ru
Sif Muna
Trog
Uskayaw
Vehumet
Wu Jian
Xom
Yredelemnul
Zin
The Shining One

Shops:
D:4 (**   D:6 *   D:11 ([((   D:12 :   Orc:2 ==*!?!(   Lair:1 :   Lair:4 *

Annotations:
Lair:5 2 transporters, Afintianyq's ghost, journeyman TrSh


Innate Abilities, Weirdness & Mutations

You have blades for main tentacles.
You are incapable of wielding weapons or throwing items.
You cannot wear most types of armour.
You are amphibious.
You can wear up to eight rings at the same time.
Your skin changes colour to match your surroundings (Stealth+).
Your rubbery body absorbs attacks. (AC +1, EV +1)
((You are camouflaged when in or above water. (Stealth+)))
You have tentacles for arms and can constrict up to eight enemies at once.


Message History

Unknown command.
You are too injured to fight recklessly!
You shred the skeletal warrior!!!
The skeletal warrior is severely damaged.
You constrict the skeletal warrior. The skeletal warrior barely misses you.
You shred the skeletal warrior!!!
You destroy the skeletal warrior!
The skeletal warrior is no longer distracted by gold.
The skeletal warrior is distracted by your dazzling golden aura.
You climb downwards.
The white ugly thing completely misses you.
The white ugly thing trunk-slaps you. The white ugly thing freezes you!!
* * * LOW HITPOINT WARNING * * *
The troll bites you!
* * * LOW HITPOINT WARNING * * *
The troll claws you but does no damage. The troll claws you!
* * * LOW HITPOINT WARNING * * *
There is a stone staircase leading up here. [a] - 625 gold - haste, enlightenment and resistance [b] - 600 gold - brilliance, magic, invisibility and might [c] - 253 gold - curing and magic Purchase which effect? [a] - 625 gold - haste, enlightenment and resistance [b] - 600 gold - brilliance, magic, invisibility and might [c] - 253 gold - curing and magic Purchase which effect?
You feel clever all of a sudden. Magic courses through your body.
You fade into invisibility!
You feel very mighty all of a sudden.
The white ugly thing completely misses you.
The white ugly thing is distracted by your dazzling golden aura.
The troll closely misses you. The troll completely misses you. x2
Unknown command.
You feel much better. The white ugly thing stings you!
* * * LOW HITPOINT WARNING * * *
The white ugly thing freezes you!!
* * * LOW HITPOINT WARNING * * *
The troll completely misses you. The troll misses you. The troll claws you.
You die...
Your body crumbles into a pile of gold.

#. .... ...
.... ....
..... ..###
...
....##../ .
#...#.#
....#.uTu.#
#$...@#
#######


You could see 2 ugly things and a troll (unable to see you).

Vanquished Creatures
  Snorg (D:10)
  Fannar (D:11)
  8 hydras
  4 centaur warriors
  2 catoblepae (Lair:1)
  3 two-headed ogres
  A boulder beetle (Lair:4)
  3 orc high priests (Orc:2)
  7 death yaks (Lair:5)
  A shadow wraith (D:13)
  2 skysharks (Lair:2)
  A skeletal warrior (D:13)
  A goliath frog (Lair:5)
  5 orc knights
  A lindwurm (Lair:2)
  4 deep elf pyromancers
  7 deep elf zephyrmancers (Orc:2)
  4 orc sorcerers
  5 ugly things
  3 cyclopes
  An oklob plant (Lair:5)
  A manticore (D:12)
  14 elephants
  6 black mambas
  20 cane toads
  A torpor snail (Lair:5)
  2 unseen horrors
  2 gargoyles
  Psyche (D:10)
  A rime drake (Lair:4)
  9 komodo dragons
  5 trolls
  A polar bear (Lair:2)
  A tyrant leech (Lair:5)
  25 blink frogs
  2 hornets
  Grinder (D:3)
  10 dream sheep
  Sigmund (D:5)
  A shadow (D:9)
  2 wyverns (Lair:4)
  47 yaks
  A vampire (D:12)
  2 wraiths
  A human (shapeshifter) (D:12)
  4 basilisks
  7 vampire mosquitoes
  Menkaure (D:5)
  2 swamp worms (D:7)
  3 wargs
  2 acid dragons
  Duvessa (D:5)
  15 water moccasins
  4 nagas (Lair:3)
  2 ice beasts
  A sky beast (D:8)
  4 black bears
  21 orc warriors
  10 ogres
  13 centaurs
  15 wolves
  6 kobold brigands
  15 bullfrogs
  4 scorpions
  15 wights
  Dowan (D:5)
  3 electric eels
  8 howler monkeys
  7 jellies
  17 orc priests
  2 gnoll boudas
  6 hounds
  3 iguanas
  Ijyb (D:3)
  22 orc wizards
  8 gnolls
  7 river rats (Sewer)
  11 adders
  A shadow imp (D:6)
  2 ufetubi (D:5)
  A worm (D:3)
  A dart slug (D:4)
  59 orcs
  8 endoplasms
  9 giant cockroaches
  8 hobgoblins
  4 jackals (D:2)
  6 quokkas
  17 ball pythons
  7 bats
  4 frilled lizards
  10 goblins
  24 kobolds
  24 rats
648 creatures vanquished.

Vanquished Creatures (others)
  An orc wizard (D:7)
1 creature vanquished.

Grand Total: 649 creatures vanquished

Notes
Turn   | Place    | Note
-------+----------+-------------------------------------------
     0 | D:1      | Arzdou the Octopode Shapeshifter began the quest for the
                  | Orb.
     0 | D:1      | Reached XP level 1. HP: 13/13 MP: 1/1
   375 | D:1      | Reached XP level 2. HP: 14/18 MP: 2/2
   459 | D:1      | Found a faded altar of an unknown god.
   997 | D:2      | Reached skill level 4 in Unarmed Combat
  1052 | D:2      | Reached XP level 3. HP: 19/23 MP: 3/3
  1797 | D:3      | Reached XP level 4. HP: 28/28 MP: 4/4
  1821 | D:3      | Reached skill level 5 in Unarmed Combat
  1855 | D:3      | Found a glowing drain.
  1878 | Sewer    | Entered a sewer
  2034 | Sewer    | Reached XP level 5. HP: 20/33 MP: 5/5
  2219 | Sewer    | Reached skill level 6 in Unarmed Combat
  2517 | Sewer    | Reached XP level 6. HP: 38/38 MP: 6/6
  2520 | Sewer    | Reached skill level 7 in Unarmed Combat
  2978 | D:3      | Noticed Grinder
  2991 | D:3      | Paralysed by Grinder for 4 turns
  3058 | D:3      | Found a shimmering blue altar of Sif Muna.
  3061 | D:3      | Noticed Ijyb
  3096 | D:4      | Reached XP level 7. HP: 38/43 MP: 7/7
  3126 | D:4      | Found Afruewn's Assorted Antiques.
  3347 | D:4      | Found Boro's General Store.
  3379 | D:4      | Found a broken altar of Ashenzari.
  3388 | D:4      | Found a staircase to the Ecumenical Temple.
  3415 | Temple   | Entered the Ecumenical Temple
  3550 | D:4      | Found Hiytt's Weapon Boutique.
  3653 | D:4      | HP: 1/43 [ogre/+0 giant club (26)]
  3655 | D:4      | Reached skill level 8 in Unarmed Combat
  4086 | D:5      | Entered Level 5 of the Dungeon
  4097 | D:5      | Noticed Sigmund
  4109 | D:5      | Killed Sigmund
  4110 | D:5      | Reached skill level 5 in Shapeshifting
  4110 | D:5      | Reached XP level 8. HP: 48/48 MP: 8/8
  4521 | D:5      | Noticed Menkaure
  4526 | D:5      | Killed Menkaure
  4752 | D:5      | Noticed Duvessa
  4752 | D:5      | Noticed Dowan
  4760 | D:5      | Killed Duvessa
  4772 | D:5      | Killed Dowan
  5100 | D:5      | Reached XP level 9. HP: 59/59 MP: 9/9
  5166 | D:5      | Reached skill level 5 in Fighting
  5491 | D:3      | Killed Ijyb
  5677 | D:3      | Killed Grinder
  5777 | D:3      | Found a shimmering blue altar of Sif Muna.
  6472 | D:6      | Found Jybylist's Gadget Gallery.
  7076 | D:6      | Found a shadowy altar of Dithmenos.
  7226 | D:6      | Found a hide-covered altar of Uskayaw.
  7235 | D:6      | Found an opulent altar of Gozag.
  7239 | D:6      | Became a worshipper of Gozag Ym Sagoz the Greedy
  7343 | D:6      | Found a basalt altar of Yredelemnul.
  7347 | D:6      | Found a sparkling altar of Nemelex Xobeh.
  7351 | D:6      | Found a bloodstained altar of Trog.
  7785 | D:7      | Paralysed by a centaur for 2 turns
  7790 | D:7      | Reached skill level 9 in Unarmed Combat
  8167 | D:7      | Reached XP level 10. HP: 68/71 MP: 10/10
  8926 | D:8      | Noticed a two-headed ogre
  9346 | D:8      | Reached skill level 1 in Evocations
  9585 | D:8      | Found a faded altar of an unknown god.
  9585 | D:8      | Found a faded altar of an unknown god.
  9587 | D:8      | Found a hazy altar of Hepliaklqana.
  9721 | D:8      | Killed a two-headed ogre
  9872 | D:8      | Found a blossoming altar of Fedhas.
  9999 | D:9      | Reached skill level 10 in Unarmed Combat
 10298 | D:9      | Found a staircase to the Orcish Mines.
 10967 | D:9      | Found a sacrificial altar of Ru.
 11138 | D:10     | Entered Level 10 of the Dungeon
 11277 | D:10     | Reached XP level 11. HP: 78/78 MP: 11/11
 11281 | D:10     | Found a burning altar of Makhleb.
 11281 | D:10     | Noticed an Executioner
 11331 | D:10     | Noticed Psyche
 11338 | D:10     | Killed Psyche
 11568 | D:10     | Found an iron altar of Okawaru.
 11620 | D:10     | Upgraded the game from 0.31-a0-940-gdaa99269f9 to
                  | 0.31-a0-948-gf5be29c462
 11667 | D:10     | Noticed Snorg
 11684 | D:10     | Killed Snorg
 11685 | D:10     | Reached skill level 5 in Evocations
 11741 | D:10     | Found a staircase to the Lair.
 11957 | D:11     | Found Paplecueba's Antique Armour Emporium.
 11983 | D:11     | Found Fuejorphae's Weapon Emporium.
 12171 | D:11     | Noticed a centaur warrior
 12178 | D:11     | Killed a centaur warrior
 12384 | D:11     | Found Vyvuz's Antique Weapon Emporium.
 12436 | D:11     | Found Uteojof's Antique Weapon Shop.
 12546 | D:11     | Noticed Fannar
 12554 | D:11     | Killed Fannar
 12555 | D:11     | Reached skill level 11 in Unarmed Combat
 12555 | D:11     | Reached skill level 10 in Shapeshifting
 12583 | D:11     | Noticed a cyclops
 12629 | D:11     | Killed a cyclops
 12630 | D:11     | Reached skill level 10 in Fighting
 12677 | D:11     | Noticed a two-headed ogre
 12684 | D:11     | Killed a two-headed ogre
 12899 | Lair:1   | Entered Level 1 of the Lair of Beasts
 12975 | Lair:1   | Identified 3 scrolls of acquirement
 12976 | Lair:1   | Acquired 1205 gold pieces
 12977 | Lair:1   | Acquired the ring of Uskayaw's Indignation {MP+9 Dex+6}
 12978 | Lair:1   | Acquired 767 gold pieces
 12984 | Lair:1   | Bought a book of Frost for 320 gold pieces
 12984 | Lair:1   | Bought a book of Geomancy for 448 gold pieces
 13113 | Lair:1   | Reached skill level 1 in Ice Magic
 13117 | Lair:1   | Reached skill level 1 in Spellcasting
 13117 | Lair:1   | Reached XP level 12. HP: 87/87 MP: 13/13
 13170 | Lair:1   | Noticed a catoblepas
 13186 | Lair:1   | Killed a catoblepas
 13374 | Lair:1   | Learned a level 3 spell: Frozen Ramparts
 13378 | Lair:1   | Learned a level 3 spell: Stone Arrow
 13409 | Lair:1   | Reached skill level 1 in Earth Magic
 14045 | Lair:2   | Noticed a catoblepas
 14066 | Lair:1   | Killed a catoblepas
 14067 | Lair:1   | Reached skill level 5 in Ice Magic
 14154 | Lair:1   | Reached skill level 5 in Spellcasting
 14270 | Lair:2   | Noticed a skyshark
 14290 | Lair:2   | Killed a skyshark
 14314 | Lair:2   | Found a staircase to the Shoals.
 14316 | Lair:2   | Noticed a skyshark
 14323 | Lair:2   | Reached skill level 5 in Earth Magic
 14329 | Lair:2   | Killed a skyshark
 14491 | Lair:2   | Reached skill level 5 in Dodging
 14495 | Lair:2   | Reached XP level 13. HP: 38/92 MP: 20/20
 14657 | Lair:2   | Found a sparkling altar of Nemelex Xobeh.
 14857 | Lair:2   | Reached skill level 1 in Conjurations
 15510 | Lair:3   | Found a staircase to the Snake Pit.
 16013 | Lair:3   | Reached skill level 5 in Conjurations
 16035 | Lair:3   | Reached skill level 12 in Unarmed Combat
 17487 | Lair:5   | Entered Level 5 of the Lair of Beasts
 17669 | Lair:5   | Reached XP level 14. HP: 99/99 MP: 21/21
 17764 | Lair:4   | Bought a scroll of identify for 64 gold pieces
 17764 | Lair:4   | Bought a scroll of revelation for 240 gold pieces
 17764 | Lair:4   | Bought a scroll of blinking for 240 gold pieces
 17764 | Lair:4   | Bought a scroll of summoning for 304 gold pieces
 17950 | D:6      | Bought a tin of tremorstones (2/2) for 600 gold pieces
 18168 | Lair:5   | Reached skill level 13 in Unarmed Combat
 19138 | Lair:5   | Noticed Afintianyq's ghost (journeyman TrSh)
 19238 | Lair:5   | Found a transporter.
 19241 | Lair:5   | Found a transporter.
 19274 | Lair:5   | Found a bloodstained altar of Trog.
 19343 | Lair:5   | Found a staircase to the Slime Pits.
 19865 | Orc:1    | Entered Level 1 of the Orcish Mines
 20268 | Orc:1    | Reached skill level 14 in Unarmed Combat
 20539 | Orc:2    | Entered Level 2 of the Orcish Mines
 20721 | Orc:2    | Reached XP level 15. HP: 105/105 MP: 22/22
 21170 | Orc:2    | Found Udouc's Antique Weapon Shop.
 21594 | Orc:2    | Reached skill level 10 in Evocations
 21956 | Orc:2    | Found a staircase to the Elven Halls.
 22316 | Orc:2    | Found Xiwaf's Distillery.
 22316 | Orc:2    | Found Votuotre's Jewellery Shoppe.
 22374 | Orc:2    | Found Behou's Distillery.
 22374 | Orc:2    | Found Gaiceune's Magic Scroll Shoppe.
 22386 | Orc:2    | Bought a ring of see invisible for 210 gold pieces
 22396 | Orc:2    | Bought a blade talisman for 440 gold pieces
 22396 | Orc:2    | Bought a +5 ring of evasion for 396 gold pieces
 22396 | Orc:2    | Bought the ring of Due Proportion {rPois rF+ Int+2} for 420
                  | gold pieces
 22396 | Orc:2    | Bought a +6 ring of dexterity for 396 gold pieces
 22567 | D:12     | Found Eczofeit's Book Shoppe.
 23382 | D:12     | Learned a level 4 spell: Manifold Assault
 23912 | D:12     | Found Eczofeit's Book Shoppe.
 24011 | D:12     | Reached skill level 1 in Translocations
 24625 | D:13     | Reached skill level 15 in Unarmed Combat
 25525 | D:13     | Found a gate to the Vaults.
 25578 | D:14     | HP: 1/105 [white ugly thing (29)]
 25578 | D:14     | Slain by a troll

Illustrated notes

Levels and vault maps discovered:
D:1:      psy_arrival_statuary, layout_loops_corners,
          ebering_ecumenical_altar_ruins
D:2:      layout_basic, minmay_pentomino_pile
D:3:      layout_rooms, mainiacjoe_overflow_catwalk, gup_sewer_entry_pipe,
          uniq_grinder, uniq_ijyb
D:4:      nicolae_cairo_tiling_large_dashed, layout_basic, ashenzari_altar_1,
          minmay_temple_entry_stoned_glass, serial_shops,
          nicolae_shop_tiny_glass, nicolae_shop_pleasant_corner_grove,
          nicolae_square_shop, kennysheep_generic_room_14
D:5:      layout_gridville, uniq_menkaure, uniq_sigmund, uniq_duvessa
D:6:      layout_basic, grunt_temple_overflow_diamond, grunt_dithmenos_smoke,
          minitemple, nicolae_shop_gadgets
D:7:      layout_rooms, worms_lemuel
D:8:      layout_rooms, fedhas_altar_decomposition,
          nicolae_hepliaklqana_ecumenical_no_more
D:9:      layout_stronghold, kennysheep_mini_moat, orc_0_dummy,
          mrwooster_statue_mirror
D:10:     layout_cave_pools, lemuel_round_altar, makhleb_altar_promises_db,
          lair_entry_dummy, uniq_snorg, uniq_psyche
D:11:     layout_loops_cross, serial_aquarium, aquarium_bridge_square
          [aquarium_subvault_bridge, aquarium_subvault_wall,
          aquarium_subvault_wall, aquarium_subvault_bridge], aquarium_window_1,
          aquarium_window_2, aquarium_window_1, aquarium_window_fake,
          aquarium_view_2c, aquarium_pool_side, serial_shops, shop,
          nicolae_shop_statue_plus, shop_coins, shop, uniq_fannar
D:12:     layout_small_grid, gauntlet_entry_generic, serial_shops, shop,
          minmay_checkerbox
D:13:     layout_stronghold, david_vaults_4
D:14:     layout_basic, nicolae_gozag_zags_fifth_avenue
Temple:   hellmonk_temple_forest_ring
Lair:1:   layout_cave_pods, infiniplex_staircase_pool_2
Lair:2:   layout_gridlike, shoals_dummy_entry, basic_altar
Lair:3:   layout_roguey, minmay_snake_entry_guardpost_small
Lair:4:   layout_long_grid, grunt_megastairs_2, serial_bayou_shore_b
Lair:5:   minmay_lair_end_frog_pond, layout_cellular_growth,
          nicolae_slime_entry_slimehenge, gammafunk_ghost_wrathful_warriors,
          minmay_lair_oklob_items
Orc:1:    nicolae_orc_accident_2, layout_caves
Orc:2:    grunt_orc_tribal_feast, layout_diamond_mine, serial_shops, shop,
          elves_outpost_lemuel

Skill      XL: |  1  2  3  4  5  6  7  8  9 10 11 12 13 14 15 |
---------------+----------------------------------------------+-----
Unarmed Combat | 4 5 6 7 8 9 10 11 12 14 15 | 15.0
Shapeshifting  | 5 7 8 9 10 12 13 | 13.0
Fighting       | 4 7 8 10 | 10.8
Evocations     | 3 5 6 9 10 | 10.0
Ice Magic      | 1 5 |  5.0
Spellcasting   | 1 5 |  5.0
Earth Magic    | 5 |  5.0
Dodging        | 5 7 |  7.0
Conjurations   | 5 |  5.0
Translocations | 4 |  4.7

Action                     |  1- 3 |  4- 6 |  7- 9 | 10-12 | 13-15 || total
---------------------------+-------+-------+-------+-------+-------++-------
  Melee: Unarmed           |    75 |   120 |   213 |   393 |   706 ||  1507
         Constrict         |    20 |    24 |    66 |    91 |   143 ||   344
         Tentacles         |    11 |    13 |    46 |       |    21 ||    91
         Punch             |     2 |     2 |    13 |       |    11 ||    28
   Cast: Frozen Ramparts   |       |       |       |     7 |    28 ||    35
         Stone Arrow       |       |       |       |       |   126 ||   126
 Invoke: Call Merchant     |       |       |       |     1 |     3 ||     4
         Potion Petition   |       |       |       |       |     1 ||     1
  Evoke: Wand              |       |       |       |    11 |    10 ||    21
    Use: Potion            |       |     1 |     2 |       |     2 ||     5
         Scroll            |       |    10 |     2 |     7 |    15 ||    34
   Stab: Sleeping          |     5 |     9 |     4 |       |       ||    18
         Paralysed         |       |       |       |    16 |       ||    16
         Distracted        |       |       |       |     2 |     4 ||     6
         Petrified         |       |       |       |     1 |       ||     1
 Armour: Skin              |    27 |    92 |    90 |   336 |   530 ||  1075
  Dodge: Dodged            |    43 |    68 |   111 |   195 |   483 ||   900
   Form: Anaconda          |       |       |     1 |     1 |     1 ||     3
                           |       |       |       |     1 |     1 ||     2
         Blade             |       |       |       |       |     2 ||     2

Table legend: (Time is in decaauts)
 A = Elapsed time spent in this place.
 B = Non-inter-level travel time spent in this place.
 C = Inter-level travel time spent in this place.
 D = Time resting spent in this place.
 E = Time spent auto-exploring this place.
 F = Levels seen in this place.
 G = Mean time per level.
                   A        B        C        D        E       F      G
               +--------+--------+--------+--------+--------+-----+--------+
         Total |  25344 |  23626 |   1718 |      0 |  19280 |  23 | 1101.9 |
       Dungeon |  15426 |  14331 |   1095 |      0 |  12172 |  14 | 1101.9 |
        Temple |     22 |      2 |     20 |      0 |      1 |   1 |   22.0 |
          Lair |   6593 |   6180 |    413 |      0 |   4893 |   5 | 1318.6 |
  Orcish Mines |   2457 |   2268 |    189 |      0 |   1751 |   2 | 1228.5 |
         Sewer |    844 |    844 |      0 |      0 |    463 |   1 |  844.0 |
               +--------+--------+--------+--------+--------+-----+--------+

Top non-repeatable levels by time:
    D:12: 1821 daAuts
  Lair:5: 1664 daAuts
     D:5: 1548 daAuts
     D:9: 1491 daAuts
   Orc:2: 1409 daAuts
     D:6: 1361 daAuts
  Lair:4: 1356 daAuts
     D:7: 1322 daAuts
  Lair:1: 1299 daAuts
  Lair:2: 1210 daAuts
    D:13: 1185 daAuts
  Lair:3: 1062 daAuts
     D:4: 1049 daAuts
   Orc:1: 1048 daAuts
    D:11: 1048 daAuts
